 Dungeon Crawl Stone Soup version 0.29-a0-251-g80730f7218 (webtiles) character file.

Game seed: 13549468493654388289

575 dukefuzz the Covered (level 7, -9/61 HPs)
             Began as a Minotaur Fighter on Mar 6, 2022.
             Was a Believer of Trog.
             Mangled by an ogre
             ... wielding a +0 giant club
              (18 damage)
             ... on level 5 of the Dungeon.
             The game lasted 00:13:45 (4262 turns).

dukefuzz the Covered (Minotaur Fighter)             Turns: 4262, Time: 00:13:45

Health: -9/61      AC: 13    Str: 23    XL:     7   Next: 12%
Magic:  6/6        EV:  6    Int:  5    God:    Trog [**....]
Gold:   201        SH:  4    Dex:  9    Spells: 6/6 levels left

rFire   + . .      SeeInvis .   t - +3 dagger (drain)
rCold   x . .      Faith    .   c - +0 buckler
rNeg    . . .      Spirit   .   y - +0 plate armour
rPois   .          Reflect  .   (helmet restricted)
rElec   .          Harm     .   (no cloak)
rCorr   .          Rampage  .   u - +0 pair of gloves
Will    .....                   (no boots)
Stlth   ..........              (no amulet)
HPRegen 0.20/turn               w - ring of fire
MPRegen 0.10/turn               (no ring)

@: no status effects
A: horns 2, retaliatory headbutt
a: Renounce Religion, Berserk, Trog's Hand


You were on level 5 of the Dungeon.
You worshipped Trog.
Trog was pleased with you.
You visited 1 branch of the dungeon, and saw 5 of its levels.

You collected 201 gold pieces.

Inventory:

Hand Weapons
 a - a +0 flail
 t - a +3 dagger of draining (weapon)
Missiles
 f - 9 poisoned darts (quivered)
 g - 152 stones
 r - 3 atropa-tipped darts
Armour
 b - a +0 scale mail
 c - a +0 buckler (worn)
 d - a +1 chain mail of fire resistance
 e - a +0 robe
 h - a +0 robe
 l - a +0 leather armour
 m - a +0 chain mail
 q - a +0 ring mail
 u - a +0 pair of gloves (worn)
 y - a +0 plate armour (worn)
Jewellery
 w - a ring of fire (left hand)
Wands
 z - a wand of polymorph (12)
Scrolls
 i - 2 scrolls of acquirement {unknown}
 j - a scroll of fear {unknown}
 n - a scroll of vulnerability {unknown}
 s - a scroll of teleportation {unknown}
 x - a scroll of silence {unknown}
 A - a scroll of fog {unknown}
 B - a scroll of identify {unknown}
Potions
 k - 2 potions of curing {unknown}
 o - a potion of invisibility {unknown}
 p - 3 potions of flight {unknown}
 v - 2 potions of heal wounds {unknown}


   Skills:
 + Level 5.3 Fighting
 + Level 3.7 Short Blades
 + Level 4.4 Maces & Flails
 + Level 6.0 Armour
 + Level 0.8 Dodging
 + Level 0.5 Stealth
 + Level 4.5 Shields


You had 6 spell levels left.
You didn't know any spells.
Your spell library contained the following spells:

 Spells                   Type           Power      Damage    Failure   Level
 Tukima's Dance           Hex            0%         N/A       100%        3
 Anguish                  Hex/Necr       0%         N/A       100%        4
 Enfeeble                 Hex            0%         N/A       100%        7


Dungeon Overview and Level Annotations

Branches:
Dungeon (5/15)
 Temple: D:4-7

Altars:
Trog

Shops:
D:3 :


Innate Abilities, Weirdness & Mutations

You have a pair of horns on your head.
You reflexively headbutt those who attack you in melee.


Message History

The ogre is lightly wounded.
The ogre barely misses you.
You hit the ogre. Your headbutt misses the ogre.
The ogre is lightly wounded.
The ogre hits you with a +0 giant club!
You hit the ogre.
The ogre is moderately wounded.
You hit the ogre. You headbutt the ogre.
The ogre is heavily wounded.
The ogre hits you with a +0 giant club!
You hit the ogre.
The ogre is heavily wounded.
The ogre hits you with a +0 giant club!
You completely miss the ogre.
The ogre is heavily wounded.
The ogre hits you with a +0 giant club!
* * * LOW HITPOINT WARNING * * *
You hit the ogre. You headbutt the ogre!
The ogre is almost dead.
You block the ogre's attack.
You barely miss the ogre.
The ogre is almost dead.
The ogre closely misses you. x2; You furiously retaliate!
You headbutt the ogre!
You kill the ogre!
Trog accepts your kill.
Your Armour skill increases to level 6!
You have reached level 7!
You hit the ogre. You drain the ogre.
The ogre is moderately wounded.
The ogre hits you but does no damage.
You hit the ogre. You drain the ogre.
You headbutt the ogre, but do no damage.
The ogre is severely wounded.
You hit the ogre. Your headbutt misses the ogre.
The ogre is severely wounded.
The ogre closely misses you.
You hit the ogre.
The ogre is almost dead.
The ogre hits you with a +0 giant club!!
You die...

####............#
#...............#
#...##............#
.## #.............#
#.............#
##............#
###........#
###....#..# ##@O.#
#)..# #.....#
#........ #...(....
#...>.... #.[.....#
#.....".#


You could see an ogre (very drained).

Vanquished Creatures
  An ogre (D:5)
  A necrophage (D:5)
  A jelly (D:4)
  3 hounds
  3 iguanas (D:4)
  Ijyb (D:2)
  11 adders
  A white imp (D:3)
  An ufetubus (D:4)
  A worm (D:2)
  2 dart slugs
  2 orcs
  10 endoplasms
  7 giant cockroaches
  9 goblins
  9 hobgoblins
  7 jackals
  6 kobolds
  2 quokkas
  6 ball pythons
  4 bats
  3 frilled lizards
  7 rats
98 creatures vanquished.

Notes
Turn   | Place    | Note
-------+----------+-------------------------------------------
     0 | D:1      | dukefuzz the Minotaur Fighter began the quest for the Orb.
     0 | D:1      | Reached XP level 1. HP: 19/19 MP: 0/0
    53 | D:1      | Reached XP level 2. HP: 21/27 MP: 1/1
   176 | D:1      | Reached skill level 4 in Armour
   236 | D:1      | Found a faded altar of an unknown god.
   574 | D:1      | Reached XP level 3. HP: 26/33 MP: 2/2
   891 | D:1      | Prayed at the altar of an unknown god.
   891 | D:1      | Became a worshipper of Trog the Wrathful
   891 | D:1      | Reached * piety under Trog
  1121 | D:2      | Reached XP level 4. HP: 41/41 MP: 3/3
  1516 | D:3      | Noticed Ijyb
  1545 | D:2      | Killed Ijyb
  2076 | D:3      | Found Atu Jor's Book Shop.
  2135 | D:3      | Reached ** piety under Trog
  2208 | D:3      | Reached XP level 5. HP: 45/45 MP: 4/4
  2238 | D:3      | Reached skill level 5 in Fighting
  3057 | D:4      | Reached skill level 1 in Short Blades
  3374 | D:4      | Reached XP level 6. HP: 45/56 MP: 5/5
  3986 | D:4      | Reached skill level 5 in Armour
  4149 | D:5      | Entered Level 5 of the Dungeon
  4259 | D:5      | Reached skill level 6 in Armour
  4259 | D:5      | Reached XP level 7. HP: 8/61 MP: 6/6
  4262 | D:5      | Mangled by an ogre

Illustrated notes

Levels and vault maps discovered:
D:1:      dpeg_arrival_simpleton_c, layout_loops_ring,
          chequers_ecumenical_altar_simple, roderic_roman_lattice,
          dk_noncrumbling_3, chequers_serial_rivers_micro_e, hex_tiny
D:2:      layout_rooms, st_stairs_4
D:3:      layout_loops_corners, serial_shops, shop, minmay_box_of_dots,
          uniq_ijyb
D:4:      layout_loops_corners
D:5:      layout_cave_pods

Skill      XL: |  1  2  3  4  5  6 |
---------------+-------------------+-----
Fighting       | 4 5 |  5.3
Armour         | 4 6 |  6.0
Shields        | 4 |  4.5
Maces & Flails | 3 4 |  4.4
Short Blades   | 2 3 |  3.7
Dodging        | |  0.8
Stealth        | |  0.5

Action                   |  1- 3 |  4- 6 |  7- 9 || total
-------------------------+-------+-------+-------++-------
Melee: Flail             |    58 |    58 |       ||   116
       Headbutt          |    11 |    33 |     1 ||    45
       Dagger            |       |   156 |     4 ||   160
Throw: Dart              |       |     7 |       ||     7
  Use: Potion            |       |     1 |       ||     1
Armor: Scale mail        |    31 |       |       ||    31
       Chain mail        |     6 |    63 |       ||    69
       Ring mail         |       |    18 |       ||    18
       Plate armour      |       |    25 |     1 ||    26
Dodge: Dodged            |    23 |    78 |     1 ||   102
Block: Buckler           |    14 |    32 |       ||    46

Table legend: (Time is in decaauts)
 A = Elapsed time spent in this place.
 B = Non-inter-level travel time spent in this place.
 C = Inter-level travel time spent in this place.
 D = Time resting spent in this place.
 E = Time spent auto-exploring this place.
 F = Levels seen in this place.
 G = Mean time per level.
                   A        B        C        D        E       F      G
               +--------+--------+--------+--------+--------+-----+--------+
         Total |   4287 |   3613 |    674 |    384 |   2537 |   5 |  857.4 |
       Dungeon |   4287 |   3613 |    674 |    384 |   2537 |   5 |  857.4 |
               +--------+--------+--------+--------+--------+-----+--------+

Top non-repeatable levels by time:
     D:4: 1107 daAuts
     D:3: 1093 daAuts
     D:2: 1006 daAuts
     D:1: 971 daAuts
     D:5: 109 daAuts
